 Dungeon Crawl Stone Soup version 0.23-a0-484-g29ba69c (webtiles) character file.

3776 iamserjio the Grappler (level 10, -7/86 HPs)
             Began as an Ogre Summoner on Nov 30, 2018.
             Was a Believer of Hepliaklqana.
             Mangled by an unseen horror (8 damage)
             ... on level 9 of the Dungeon.
             The game lasted 00:29:43 (12755 turns).

iamserjio the Grappler (Ogre Summoner)             Turns: 12755, Time: 00:29:43

Health: -7/86      AC:  3    Str: 17      XL:     10   Next: 16%
Magic:  16/16      EV: 11    Int: 16      God:    Hepliaklqana [**....]
Gold:   372        SH:  2    Dex:  8 (9)  Spells: 7/17 levels left

rFire    + . .     SeeInvis .     - Unarmed
rCold    . . .     Gourm    .   (no shield)
rNeg     . . .     Faith    .   a - +0 robe
rPois    .         Spirit   .   (helmet restricted)
rElec    .         Reflect  +   (no cloak)
rCorr    .         Harm     .   (gloves unavailable)
MR       ++...                  (boots unavailable)
Stlth    +.........             A - +2 amulet of reflection
HPRegen  0.24/turn              B - ring of protection from magic
MPRegen  0.15/turn              r - ring of protection from fire

@: invisible
A: large, unfitting armour, reduced essence, tough skin 1
a: Recall Ancestor, Ancestor Identity, Renounce Religion


You were on level 9 of the Dungeon.
You worshipped Hepliaklqana.
Hepliaklqana was pleased with you.
You were not hungry.

You visited 2 branches of the dungeon, and saw 10 of its levels.

You collected 372 gold pieces.

Inventory:

Missiles
 i - 126 stones (quivered)
 x - a throwing net {!f}
Armour
 a - a +0 robe (worn)
Jewellery
 d - an uncursed ring of resist corrosion
 r - a ring of protection from fire (right hand)
 A - a +2 amulet of reflection (around neck)
 B - a ring of protection from magic (left hand)
Wands
 w - a wand of digging (7)
 y - a wand of flame (21)
Scrolls
 b - 4 scrolls of magic mapping
 e - a scroll of fear
 f - 3 scrolls of immolation
 h - 2 scrolls of blinking {unknown}
 k - 2 scrolls of fog {unknown}
 m - 7 scrolls of remove curse {@r2}
 s - 2 scrolls of enchant weapon {unknown}
 t - 3 scrolls of teleportation
 v - a scroll of enchant armour {unknown}
Potions
 g - a potion of lignification {unknown}
 j - a potion of might
 n - a potion of agility
 o - 2 potions of invisibility
 p - 4 potions of degeneration
 q - a potion of magic
 u - 2 potions of haste
 z - a potion of mutation {unknown}
Comestibles
 c - 12 rations


   Skills:
 - Level 5.0 Fighting
 - Level 5.0 Dodging
 - Level 1.4 Stealth
 * Level 8.1 Unarmed Combat
 - Level 4.0 Spellcasting
 - Level 8.0 Summonings
 - Level 3.0 Air Magic
 + Level 1.2 Invocations


You had 7 spell levels left.
You knew the following spells:

 Your Spells              Type           Power        Failure   Level  Hunger
a - Summon Small Mammal   Summ           ####         1%          1    None
b - Call Imp              Summ           ####....     1%          2    ##.....
c - Call Canine Familiar  Summ           ####....     1%          3    ###....
d - Summon Lightning Spi  Summ/Air       ###.....     17%         4    ####...

Your spell library contained the following spells:

 Spells                   Type           Power        Failure   Level  Hunger
 Summon Guardian Golem    Hex/Summ       ###.....     10%         3    ###....
 Summon Ice Beast         Ice/Summ       ###.....     32%         4    ####...


Dungeon Overview and Level Annotations

Branches:
Dungeon (9/15)             Temple (1/1) D:4
   Lair: D:8-11         Orc: D:9-12

Altars:
Ashenzari
Cheibriados
Dithmenos
Elyvilon
Fedhas
Gozag
Hepliaklqana
Kikubaaqudgha
Makhleb
Nemelex Xobeh
Okawaru
Qazlal
Ru
Sif Muna
Trog
Uskayaw
Vehumet
Wu Jian
Xom
Yredelemnul
Zin
The Shining One


Innate Abilities, Weirdness & Mutations

You are too large for most types of armour.
You have tough skin. (AC +1)
Your life essence is reduced to manifest your ancestor. (-10% HP)


Message History

Something hits you.
* * * LOW HITPOINT WARNING * * *
Your hound bites something.
Something hits you.
* * * LOW HITPOINT WARNING * * *
Something hits you.
* * * LOW HITPOINT WARNING * * *
Your hound bites something.
Something hits you.
* * * LOW HITPOINT WARNING * * *
Something hits you!
* * * LOW HITPOINT WARNING * * *
Your hound barely misses something.
You feel better. Something hits you.
* * * LOW HITPOINT WARNING * * *
Something hits you but does no damage.
You fade into invisibility!
Something hits you!
* * * LOW HITPOINT WARNING * * *
Something hits you!
You die...

###########
#.........#
#.........#
#.........#
#######.........#
###...o)o.........#
.###....o###.........#
..........##.........#
###..Rh@###..h......#
#.##))# #.........#
#.##..# #####....##
#...<.# #.o..# ####+##
##...# ##...## ##.##
##..<..## ##.#
##.......## ##..#
#......?..####...####


You could see the friendly :> the knight, an orc warrior, an orc and a friendly
hound.

Vanquished Creatures
  A two-headed ogre (D:8)
  A bullfrog (D:7)
  4 scorpions
  A wight (D:8)
  A howler monkey (D:6)
  2 crimson imps
  A quasit (D:9)
  2 hounds
  2 orc priests
  A centaur skeleton (D:5)
  6 orc wizards
  A bullfrog skeleton (D:7)
  An iguana (D:6)
  A worker ant (D:8)
  A worker ant zombie (D:7)
  2 adders
  2 oozes
  An adder skeleton (D:4)
  A worm (D:3)
  A dart slug (D:1)
  A leopard gecko (D:4)
  13 orcs
  A ball python (D:3)
  7 bats
  5 giant cockroaches
  6 goblins
  10 hobgoblins
  6 jackals
  5 quokkas
  4 frilled lizards
  A jackal skeleton (D:8)
  6 kobolds
  A leopard gecko skeleton (D:4)
  2 rats
101 creatures vanquished.

Vanquished Creatures (collateral kills)
  Harold (D:7)
  A wyvern (D:8)
  A water moccasin (D:8)
  2 ice beasts
  An orc warrior (D:8)
  An eye of draining (D:8)
  A sky beast (D:5)
  4 ogres
  4 centaurs
  A bullfrog (D:7)
  2 scorpions
  2 wights (D:8)
  3 killer bees (D:7)
  3 crimson imps
  A bullfrog skeleton (D:9)
  2 orc priests
  3 orc wizards
  An iguana (D:8)
  3 worker ants
  A worker ant zombie (D:6)
  5 adders
  An adder skeleton (D:6)
  A dart slug (D:4)
  2 leopard geckos
  14 orcs
  3 bats
  2 giant cockroaches (D:3)
  2 goblins
  3 hobgoblins
  2 kobolds
  A frilled lizard (D:3)
  A jackal skeleton (D:4)
  2 rats
77 creatures vanquished.

Vanquished Creatures (others)
  2 knights
  3 ancestors
5 creatures vanquished.

Grand Total: 183 creatures vanquished

Notes
Turn   | Place    | Note
-------+----------+-------------------------------------------
     0 | D:1      | iamserjio the Ogre Summoner began the quest for the Orb.
     0 | D:1      | Reached XP level 1. HP: 16/16 MP: 3/3
   381 | D:1      | Reached XP level 2. HP: 26/26 MP: 5/5
   386 | D:1      | Learned a level 2 spell: Call Imp
   835 | D:1      | Reached skill level 1 in Unarmed Combat
   993 | D:1      | Reached skill level 1 in Fighting
  1167 | D:1      | Reached XP level 3. HP: 11/33 MP: 4/7
  1658 | D:1      | Learned a level 3 spell: Call Canine Familiar
  3117 | D:3      | Reached XP level 4. HP: 33/42 MP: 5/8
  3961 | D:3      | Found a faded altar of an unknown god.
  3996 | D:3      | Reached XP level 5. HP: 48/50 MP: 6/9
  4939 | D:3      | Learned a level 4 spell: Summon Lightning Spire
  5305 | D:4      | Found a staircase to the Ecumenical Temple.
  5315 | Temple   | Entered the Ecumenical Temple
  5421 | Temple   | Became a worshipper of Hepliaklqana the Forgotten
  5692 | D:4      | Reached XP level 6. HP: 29/54 MP: 7/10
  5699 | D:4      | Reached skill level 1 in Air Magic
  6442 | D:5      | Entered Level 5 of the Dungeon
  6646 | D:5      | Noticed a sky beast
  6670 | D:5      | Killed a sky beast
  6670 | D:5      | Reached XP level 7. HP: 36/61 MP: 10/12
  7385 | D:5      | Reached * piety under Hepliaklqana
  8051 | D:6      | Reached XP level 8. HP: 59/71 MP: 8/14
  8271 | D:6      | Reached skill level 5 in Summonings
  8603 | D:6      | Reached skill level 5 in Unarmed Combat
  8893 | D:6      | Found a shimmering altar of Xom.
  9142 | D:7      | Reached skill level 5 in Fighting
  9526 | D:7      | Noticed Harold
  9546 | D:8      | Noticed a wyvern
  9867 | D:7      | Killed Harold
  9867 | D:7      | Reached XP level 9. HP: 39/79 MP: 10/15
 10751 | D:8      | Reached ** piety under Hepliaklqana
 10752 | D:8      | Remembered your ancestor :> as a knight
 11196 | D:8      | Found a bloodstained altar of Trog.
 11432 | D:8      | Reached skill level 5 in Dodging
 11928 | D:8      | Noticed a two-headed ogre
 11935 | D:8      | Killed a two-headed ogre
 11935 | D:8      | Reached XP level 10. HP: 54/86 MP: 12/16
 12703 | D:9      | Reached skill level 1 in Invocations
 12743 | D:9      | HP: 3/86 [something (7)]
 12755 | D:9      | HP: 1/86 [something (11)]
 12755 | D:9      | Mangled by an unseen horror

Vault maps used:
D:1:      roderic_lyre
D:3:      chequers_ecumenical_altar_simple
D:4:      minmay_temple_entry_nine_rooms
D:5:      first_ration
D:6:      kennysheep_mini_moat
D:7:      uniq_harold
D:8:      grunt_pizzeria, trog_eyes_of_draining
D:9:      david_orc_3
Temple:   kilobyte_greek_temple

Skill      XL: |  1  2  3  4  5  6  7  8  9 10 |
---------------+-------------------------------+-----
Dodging        | 2 4 5 |  5.0
Unarmed Combat | 1 2 3 4 6 7 8 |  8.1
Fighting       | 1 2 3 4 5 |  5.0
Spellcasting   | 3 4 |  4.0
Summonings     | 4 6 7 8 |  8.0
Air Magic      | 1 2 3 |  3.0
Invocations    | 1 |  1.2
Stealth        | |  1.4

Action                   |  1- 3 |  4- 6 |  7- 9 | 10-12 || total
-------------------------+-------+-------+-------+-------++-------
Melee: Unarmed           |   233 |   276 |   284 |    44 ||   837
       Punch             |     1 |     2 |    10 |       ||    13
Throw: Stone             |       |       |     2 |       ||     2
 Cast: Summon Small Mamm |     7 |       |       |       ||     7
       Call Imp          |     5 |     3 |     5 |       ||    13
       Call Canine Famil |     6 |    15 |    19 |     3 ||    43
       Summon Lightning  |       |       |     3 |       ||     3
Invok: Recall Ancestor   |       |       |     3 |       ||     3
       Ancestor Life: Kn |       |       |     1 |       ||     1
       Ancestor Identity |       |       |       |     1 ||     1
Evoke: Wand              |       |       |     1 |       ||     1
  Use: Scroll            |     4 |     3 |     5 |     1 ||    13
       Potion            |       |     3 |     2 |     4 ||     9
 Stab: Sleeping          |     1 |     1 |       |       ||     2
       Invisible         |       |     3 |       |       ||     3
       Distracted        |       |     1 |     3 |       ||     4
  Eat: Chunk             |     8 |    13 |    19 |     3 ||    43
Armor: Robe              |    81 |    69 |    38 |    10 ||   198
Dodge: Dodged            |   155 |   135 |   124 |    22 ||   436
Block: Other             |       |       |       |     6 ||     6

Table legend:
 A = Non-vault XP
 B = Vault XP
 C = Vault XP percentage of total XP
 D = Non-vault monster count
 E = Vault monster count
 F = Vault count percentage of total count
                 A         B        C        D         E       F
            +---------+---------+-------+---------+---------+-------
      Total |    4579 |     816 |  15.1 |     171 |       7 |   3.9
            +---------+---------+-------+---------+---------+-------
        D:1 |      39 |       0 |   0.0 |      19 |       0 |   0.0
        D:2 |      37 |       0 |   0.0 |      14 |       0 |   0.0
        D:3 |     131 |       0 |   0.0 |      38 |       0 |   0.0
        D:4 |     358 |       0 |   0.0 |      25 |       0 |   0.0
        D:5 |     298 |       0 |   0.0 |      10 |       0 |   0.0
        D:6 |     696 |       0 |   0.0 |      15 |       0 |   0.0
        D:7 |     688 |     610 |  47.0 |      17 |       1 |   5.6
        D:8 |    1891 |     202 |   9.7 |      21 |       4 |  16.0
        D:9 |     441 |       4 |   0.9 |      12 |       2 |  14.3
            +---------+---------+-------+---------+---------+-------
